 Dungeon Crawl Stone Soup version 0.32-a0-975-g85d4e5bfdb (webtiles) character file.

Game seed: 16133168771730448673

172 Cancer the Digger (level 5, 0/28 HPs)
             Began as a Gargoyle Earth Elementalist on Apr 18, 2024.
             Killed by divine providence
             ... invoked by an orc priest
              (13 damage)
             ... on level 4 of the Dungeon.
             The game lasted 00:03:48 (2674 turns).

Cancer the Digger (Gargoyle Earth Elementalist)     Turns: 2674, Time: 00:03:48

Health: 0/28       AC:  6    Str: 12    XL:     5   Next: 53%
Magic:  0/10       EV: 11    Int: 17    God:
Gold:   95         SH:  0    Dex: 10    Spells: 3/10 levels left

rFire   . . .        (no weapon)
rCold   . . .        (no shield)
rNeg    + . .        a - +0 robe
rPois   ∞            (no helmet)
rElec   +            (no cloak)
rCorr   .            (no gloves)
SInv    .            (no boots)
Will    +....        (no amulet)
Stlth   ++           k - ring of willpower
HPRegen 0.24/turn    (no ring)
MPRegen 0.12/turn

%: no passive effects
@: no status effects
A: sickness immunity, AC +4, negative energy resistance 1, electricity
resistance, torment resistance 1, petrification resistance
a: Convert to Beogh


You were on level 4 of the Dungeon.
You visited 1 branch of the dungeon, and saw 4 of its levels.

You collected 95 gold pieces.

Inventory:

Armour
 a - a +0 robe (worn)
Jewellery
 k - a ring of willpower (left hand)
Scrolls
 c - a scroll of revelation {unknown}
 d - 3 scrolls of identify {unknown}
 e - a scroll of vulnerability {unknown}
 l - a scroll of fog {unknown}
 m - a scroll of noise {unknown}
Potions
 b - a potion of magic
 f - 2 potions of brilliance {unknown}
 g - a potion of haste {unknown}
 h - a potion of heal wounds {unknown}
 i - a potion of curing {unknown}
 j - a potion of mutation {unknown}


   Skills:
 - Level 1.5 Dodging
 - Level 2.1 Stealth
 + Level 3.4 Spellcasting
 + Level 3.2 Conjurations
 + Level 5.1 Earth Magic


You had 3 spell levels left.
You knew the following spells:

 Your Spells              Type           Power      Damage    Failure   Level
a - Sandblast             Erth           40%        2d10      1%          1
b - Stone Arrow           Conj/Erth      34%        3d9       9%          3
c - Passwall              Erth           20%        N/A       6%          3

Your spell library contained the following spells:

 Spells                   Type           Power      Damage    Failure   Level
 Momentum Strike          Conj/Tloc      16%        3d8       13%         2
 Blink                    Tloc           4%         N/A       26%         2
 Lesser Beckoning         Tloc           4%         N/A       26%         2
 Dazzling Flash           Conj/Hex       16%        N/A       26%         3
 Tukima's Dance           Hex            2%         N/A       45%         3
 Brom's Barrelling Bould  Conj/Erth      17%        2d4       30%         4
 Petrify                  Alch/Erth      11%        N/A       52%         4
 Iskenderun's Mystic Bla Conj/Tloc 8%             2d4        (+2d1     63%         4
 Dimensional Bullseye     Hex/Tloc       1%         N/A       86%         4
 Starburst                Conj/Fire      4%         6d3       100%        6
 Fulsome Fusillade        Conj/Alch      4%         (3-5)d4   100%        8


Dungeon Overview and Level Annotations

Branches:
Dungeon (4/15)
 Temple: D:4-7

Altars:
Kikubaaqudgha

Shops:
D:2 !

Portals:
Ossuary: D:4

Annotations:
D:3 2 transporters, D0namaru's ghost, amateur TeGl
D:4 Sigmund


Innate Abilities, Weirdness & Mutations

You are immune to sickness and miasma.
Your stone body is resilient. (AC +4)
You are immune to poison.
You resist negative energy. (rN+)
You are resistant to electric shocks. (rElec)
You are resistant to unholy torment.
You are immune to petrification.


Message History

The blast of sand misses the orc.
The orc barely misses you.
The blast of sand hits the orc!
You kill the orc!
The orc priest shouts!
The blast of sand hits the orc priest.
The orc priest is lightly wounded.
The blast of sand hits the orc priest but does no damage.
The orc priest is lightly wounded.
The blast of sand hits the orc priest!
The orc priest is severely wounded.
The orc priest calls down the wrath of Beogh upon you.
Beogh smites you!
Ouch! That really hurt!
The orc priest hits you with a +0 mace.
The orc priest shouts, "Surrender to Beogh and we'll let you live!" (press Y on the ability menu to convert to Beogh)
You are too injured to fight recklessly!
Casting: Sandblast (safe; 1% risk of failure)
Confirm with . or Enter, or press ? or * to list all spells.
Aiming: Sandblast (safe; 1% risk of failure)
Press: ? - help, Shift-Dir - straight line, f/p - orc priest
Aim: an orc priest, wielding a +0 mace and wearing a +0 ring mail (severely wounded, 85% to hit)
The blast of sand hits the orc priest.
The orc priest is severely wounded.
The orc priest miscasts a cantrip.
Found a spear.
Found a spear.
The orc priest miscasts a cantrip.
Casting: Sandblast (safe; 1% risk of failure)
Confirm with . or Enter, or press ? or * to list all spells.
Aiming: Sandblast (safe; 1% risk of failure)
Press: ? - help, Shift-Dir - straight line, f/p - orc priest
Aim: an orc priest, wielding a +0 mace and wearing a +0 ring mail (severely wounded, 85% to hit)
The blast of sand hits the orc priest.
The orc priest is almost dead.
Unknown command.
There is a sand-covered staircase here.
The orc priest mumbles some strange prayers to Beogh against you.
Beogh smites you!
You die...

...≈≈≈≈≈≈
...≈≈≈≈≈≈
#....... #....)#
#.....# #..?..##
#......#
####....@.#
...........#
...###...#o#
.#.###.....######
.......)........#
.#...#).##.####)#
....)......#
........##$#
####.##<#....


You could see an orc priest.

Vanquished Creatures
  A scorpion (D:4)
  An orc wizard (D:3)
  An adder (D:3)
  A dart slug (D:3)
  11 orcs
  4 bats
  4 endoplasms
  A giant cockroach (D:2)
  7 hobgoblins
  4 jackals
  4 kobolds
  3 quokkas
  7 ball pythons
  2 frilled lizards
  3 goblins
  7 rats
  A rat zombie (D:4)
62 creatures vanquished.

Notes
Turn   | Place    | Note
-------+----------+-------------------------------------------
     0 | D:1      | Cancer the Gargoyle Earth Elementalist began the quest for
                  | the Orb.
     0 | D:1      | Reached XP level 1. HP: 10/10 MP: 3/3
   291 | D:1      | Reached XP level 2. HP: 15/15 MP: 1/5
   727 | D:1      | Found a faded altar of an unknown god.
   754 | D:1      | Reached skill level 4 in Earth Magic
  1103 | D:2      | Found Olluf's Distillery.
  1116 | D:1      | Reached XP level 3. HP: 19/19 MP: 1/6
  1298 | D:2      | Found an ancient bone altar of Kikubaaqudgha.
  1865 | D:3      | Reached XP level 4. HP: 24/24 MP: 5/8
  2191 | D:3      | Learned a level 3 spell: Stone Arrow
  2195 | D:3      | Learned a level 3 spell: Passwall
  2405 | D:3      | Found a transporter.
  2405 | D:3      | Found a transporter.
  2405 | D:3      | Noticed D0namaru's ghost (amateur TeGl)
  2580 | D:4      | Noticed a scorpion
  2584 | D:4      | Killed a scorpion
  2585 | D:4      | Reached skill level 5 in Earth Magic
  2585 | D:4      | Reached XP level 5. HP: 28/28 MP: 4/10
  2596 | D:4      | Noticed Sigmund
  2650 | D:4      | Found a sand-covered staircase.
  2674 | D:4      | Killed from afar by an orc priest

Illustrated notes

Levels and vault maps discovered:
D:1:      amcnicky_arrival_blooded_trapdoor, layout_loops_ring,
          shapermc_ecumenical_altar_venn, chequers_avenue, minmay_misc_feat_x,
          minivault_5
D:2:      layout_rooms, basic_altar, serial_shops,
          nicolae_shop_industrial_runoff
D:3:      layout_loops_ring, gammafunk_ghost_arena
D:4:      layout_loops_cross, overflow_temple_1_default,
          pdpol_temple_overflow_zin_treasury_gozag_greed, enter_ossuary_3,
          nicolae_tricolors, uniq_robin, uniq_eustachio, uniq_sigmund

Skill      XL: |  1  2  3  4 |
---------------+-------------+-----
Earth Magic    | 4 5 |  5.1
Conjurations   | 2 3 |  3.2
Spellcasting   | 3 |  3.4
Dodging        | |  1.5
Stealth        | |  2.1

Action                     |  1- 3 |  4- 6 || total
---------------------------+-------+-------++-------
  Melee: Unarmed           |     3 |       ||     3
   Cast: Sandblast         |    51 |    32 ||    83
 Armour: Robe              |    17 |     9 ||    26
  Dodge: Dodged            |    25 |     8 ||    33

Table legend: (Time is in decaauts)
 A = Elapsed time spent in this place.
 B = Non-inter-level travel time spent in this place.
 C = Inter-level travel time spent in this place.
 D = Time resting spent in this place.
 E = Time spent auto-exploring this place.
 F = Levels seen in this place.
 G = Mean time per level.
                   A        B        C        D        E       F      G
               +--------+--------+--------+--------+--------+-----+--------+
         Total |   2718 |   2497 |    221 |     48 |   2068 |   4 |  679.5 |
       Dungeon |   2718 |   2497 |    221 |     48 |   2068 |   4 |  679.5 |
               +--------+--------+--------+--------+--------+-----+--------+

Top non-repeatable levels by time:
     D:1: 1175 daAuts
     D:3: 767 daAuts
     D:2: 702 daAuts
     D:4: 74 daAuts
